 Dungeon Crawl Stone Soup version 0.20-a0-517-g5f97612 (webtiles) character file.

110 Fhqwhgads the Slasher (level 4, -12/39 HPs)
             Began as a Minotaur Fighter on Jan 24, 2017.
             Mangled by an ogre
             ... wielding a +0 giant spiked club
              (16 damage)
             ... on level 4 of the Dungeon.
             The game lasted 00:02:42 (1696 turns).

Fhqwhgads the Slasher (Minotaur Fighter)            Turns: 1696, Time: 00:02:42

Health: -12/39     AC: 11    Str: 21    XL:     4   Next: 61%
Magic:  3/3        EV:  3    Int:  5    God:
Gold:   109        SH:  9    Dex: 10    Spells: 3/3 levels left

rFire    . . .     SeeInvis .   a - +0 long sword
rCold    . . .     Gourm    .   r - +0 plate armour
rNeg     . . .     Faith    .   c - +0 shield
rPois    .         Spirit   .   (helmet restricted)
rElec    .         Reflect  .   (no cloak)
rCorr    .         Harm     .   (no gloves)
MR       .....                  (no boots)
Stlth    ..........             (no amulet)
Regen    0.2/turn               (no ring)
                                (no ring)

@: no status effects
A: retaliatory headbutt, horns 2
a: no special abilities


You were on level 4 of the Dungeon.
You were not hungry.

You visited 1 branch of the dungeon, and saw 4 of its levels.

You collected 109 gold pieces.

Inventory:

Hand Weapons
 a - a +0 long sword (weapon)
Armour
 c - a +0 shield (worn)
 r - a +0 plate armour (worn)
Jewellery
 u - a cursed ring of teleportation {unknown}
Scrolls
 b - a scroll of enchant weapon {unknown}
 e - 7 scrolls of identify {unknown}
 g - a scroll of recharging {unknown}
 j - 5 scrolls of remove curse {unknown}
 m - a scroll of teleportation {unknown}
 n - a scroll of fog {unknown}
 p - a scroll of magic mapping {unknown}
 s - a scroll of amnesia {unknown}
Potions
 d - a potion of might
 h - a potion of brilliance {unknown}
 i - a potion of mutation {unknown}
 k - a potion of ambrosia {unknown}
 l - 3 potions of haste {unknown}
 q - 2 potions of curing {unknown}
 v - a potion of heal wounds {unknown}
Comestibles
 f - 3 bread rations
 o - 2 chunks of flesh
 t - a royal jelly


   Skills:
 - Level 3.6 Fighting
 + Level 5.9 Long Blades
 - Level 3.6 Armour
 - Level 3.6 Shields


You had 3 spell levels left.
You didn't know any spells.

Dungeon Overview and Level Annotations

Branches:
Dungeon (4/15)
 Temple: D:4-7

Altars:

Annotations:
D:4 Robin


Innate Abilities, Weirdness & Mutations

You reflexively headbutt those who attack you in melee.
You have a pair of horns on your head.


Message History

A goblin comes into view. It is wielding a dagger of draining.
The goblin shouts!
A goblin comes into view. It is wielding a club.
The goblin shouts!
Robin of the Strong Arm comes into view.
She is wielding a short sword of freezing.
You slash the ogre!
The ogre is moderately wounded.
The ogre hits you with a giant spiked club!!
Ouch! That really hurt!
A hobgoblin comes into view.
The hobgoblin shouts!
Your shield and plate armour prevent you from hitting the ogre.
You headbutt the ogre, but do no damage.
The ogre is moderately wounded.
The ogre hits you with a giant spiked club!
* * * LOW HITPOINT WARNING * * *
You hit the ogre.
The ogre is heavily wounded.
The ogre hits you with a giant spiked club!
You die...

.## ... .. .. .#
.# #
###########.##)...
.g.g..gg@O.....>..
###########.#.....
.# ### .# .# .# .#
..


You could see an ogre, a hobgoblin and 3 goblins.

Vanquished Creatures
  4 adders
  3 oozes
  A dart slug (D:4)
  2 leopard geckos
  An orc (D:3)
  A ball python (D:3)
  2 bats
  4 giant cockroaches (D:1)
  9 goblins
  8 hobgoblins
  A quokka (D:2)
  3 frilled lizards
  10 kobolds
  7 rats
56 creatures vanquished.

Notes
Turn   | Place    | Note
-------+----------+-------------------------------------------
     0 | D:1      | Fhqwhgads the Minotaur Fighter began the quest for the Orb.
     0 | D:1      | Reached XP level 1. HP: 19/19 MP: 0/0
    45 | D:1      | Reached skill level 3 in Long Blades
   176 | D:1      | Reached XP level 2. HP: 26/26 MP: 1/1
   342 | D:1      | Reached skill level 4 in Long Blades
   503 | D:2      | Reached XP level 3. HP: 23/31 MP: 2/2
   986 | D:2      | Reached skill level 5 in Long Blades
  1177 | D:3      | Found a faded altar of an unknown god.
  1314 | D:3      | Reached XP level 4. HP: 39/39 MP: 3/3
  1686 | D:4      | Noticed an ogre
  1693 | D:4      | Noticed Robin
  1696 | D:4      | Mangled by an ogre

Vault maps used:
D:1:      doesnt_arrival_goblin_jail
D:2:      first_bread, minivault_24, minmay_unequal
D:3:      chequers_ecumenical_altar_simple_redux
D:4:      temple_hall, uniq_duvessa, uniq_robin

Skill      XL: |  1  2  3 |
---------------+----------+-----
Long Blades    | 3 4 5 |  5.9
Fighting       | |  3.6
Armour         | |  3.6
Shields        | |  3.6

Action                   |  1- 3 |  4- 6 || total
-------------------------+-------+-------++-------
Melee: Long sword        |   112 |    38 ||   150
       Headbutt          |    10 |     9 ||    19
  Eat: Chunk             |     1 |     2 ||     3
Armor: Scale mail        |    37 |       ||    37
       Plate armour      |     2 |    28 ||    30
Dodge: Dodged            |    27 |    15 ||    42
Block: Shield            |    52 |    17 ||    69
       Rpst.: Long sword |    10 |     5 ||    15
